AoeStats
← 沒起房子我日

Nomad

509023375Analyzed
4v4 RM · 8d ago on Sep 25, 2026· 39m 10s· 8 players
Game mode
Random Map
Map size
231×231
Population
200
Speed
Normal
Resources
Standard
Victory
Conquest
Starting age
Dark Age
Ending age
Imperial Age
RankedLock teamsTeams togetherTeam positionsShared explorationLock speedFull tech treeHidden civsTurbo modeCheats
Victory
Defeat
🇹🇼 Varangians · Taiwan
1532
+14
🇯🇵 Mapuche · Japan
1493
+16
🇹🇼 Celts · Taiwan
1437
+18
🇲🇽 Spanish · Mexico
1435
+18
🇧🇷 Koreans · Brazil
1527
-18
🇺🇸 Mongols · United States
1493
-17
🇧🇷 Celts · Brazil
1482
-16
🇪🇨 Saxons · Ecuador
1454
-15
[GDL] Perro del Mal
12:20 Feudal Age
16:08 Castle Age
14:43 Loom
15:35 Double-Bit Axe
16:58 Fletching
17:38 Bow Saw
21:20 Horse Collar
22:51 Padded Archer Armor
23:47 Bloodlines
26:12 Leather Archer Armor
28:17 Wheelbarrow
27:55 Husbandry
29:15 Hand Cart
33:15 Imperial Age
32:41 Gold Mining
35:02 Ring Archer Armor
36:35 Bodkin Arrow
37:51 Conscription
38:28 Elite Conquistador
沒起房子我日
15:17 Feudal Age
16:02 Loom
18:55 Castle Age
17:28 Double-Bit Axe
19:26 Fletching
19:24 Town Watch
20:51 Bodkin Arrow
22:32 Wheelbarrow
22:50 Bow Saw
22:59 Padded Archer Armor
24:33 Medium Warships
24:48 Horse Collar
25:05 Fishing Lines
27:19 Gillnets
29:41 Leather Archer Armor
30:03 Stone Mining
30:26 Gold Mining
31:44 Hand Cart
34:01 Ballistics
35:01 Stone Shaft Mining
35:24 Heavy Plow
41:07 Imperial Age
鬼洗
3:57 Loom
12:09 Feudal Age
17:49 Castle Age
15:58 Fishing Lines
16:33 Double-Bit Axe
16:39 Gold Mining
17:26 Fletching
18:41 Medium Warships
19:03 Bow Saw
19:54 Bodkin Arrow
21:44 Ballistics
25:15 Horse Collar
34:34 Imperial Age
31:39 Pikeman
34:04 Heavy Plow
34:41 Gold Shaft Mining
34:44 Wheelbarrow
35:33 Furor Celtica
35:39 Heavy Scorpion
36:05 Capped Ram
37:08 Siege Ram
Songoku
5:10 Loom
13:17 Feudal Age
18:38 Castle Age
17:03 Double-Bit Axe
19:37 Fletching
21:21 Horse Collar
22:20 Bodkin Arrow
23:13 Padded Archer Armor
25:42 Wheelbarrow
27:20 Leather Archer Armor
28:11 Bow Saw
30:20 Ballistics
30:14 Gold Mining
34:55 Imperial Age
32:22 Treadmill Crane
32:53 Masonry
33:20 Hand Cart
33:30 Medium Warships
34:32 Murder Holes
37:10 Chemistry
36:05 Town Watch
37:14 Elite Skirmisher
38:30 Elite Bolas Rider
39:15 Heavy Plow
40:07 Gold Shaft Mining
骑猪射箭
4:12 Loom
13:27 Feudal Age
18:22 Castle Age
16:30 Double-Bit Axe
21:28 Wheelbarrow
21:49 Fletching
22:41 Bodkin Arrow
23:43 Padded Archer Armor
28:10 Gold Mining
30:13 Town Watch
32:47 Husbandry
32:57 Bloodlines
37:10 Ballistics
AdrianJPG
8:18 Loom
14:53 Feudal Age
18:49 Castle Age
17:00 Double-Bit Axe
19:55 Wheelbarrow
20:36 Bow Saw
21:10 Fletching
22:16 Bodkin Arrow
36:09 Padded Archer Armor
36:20 Forging
36:10 Scale Mail Armor
Fs.Emmanuel
3:25 Loom
13:57 Feudal Age
17:53 Castle Age
15:58 Double-Bit Axe
16:24 Man-at-Arms
17:56 Scale Mail Armor
18:16 Gold Mining
17:54 Long Swordsman
19:07 Bow Saw
19:15 Gambesons
25:34 Forging
28:27 Fletching
29:55 Horse Collar
31:08 Wheelbarrow
36:01 Chain Mail Armor
37:55 Heavy Plow
37:41 Town Watch
GAX | Gabasco
10:08 Loom
12:26 Feudal Age
12:57 Double-Bit Axe
19:45 Castle Age
18:03 Gold Mining
20:41 Medium Warships
26:28 Bow Saw
28:39 Ballistics
33:41 Fletching
34:22 Bodkin Arrow
39:54 Wheelbarrow
Connection lost

Rejoining the realm…

Still unreachable

The connection could not be restored.

Session expired

The server has moved on; the page needs a fresh start.